Map: Simulacrum LE

Players

MikeHawk - Winner!

  • Race: Terran Terran
  • League: Master
  • Spawn Location: 5:00

CastorGoulu

  • Race: Terran Terran
  • League: Master
  • Spawn Location: 11:00

VOD

Have the link to the VOD?

Description

Time

  • Played on: Dec. 20, 2019, 12:48 p.m.
  • Length: 8:17
Show
View Real Time Build Order
Export as new Build Order

MikeHawk Terran - Winner!

Build Orders: Gas First Reaper Expand 

Get SALT Encoding   

  12  0:00  SCV  
  13  0:12  SCV  
  14  0:18  Supply Depot  
  14  0:24  SCV  
  15  0:30  Refinery  
  15  0:39  SCV  
  16  0:44  Barracks  
  16  0:52  SCV  
  17  1:04  SCV  
  18  1:16  SCV  
  19  1:31  Orbital Command, Reaper  
  20  1:45  Command Center  
  20  1:56  Factory  
  20  2:00  SCV  
  21  2:08  Barracks Reactor  
  21  2:12  SCV  
  22  2:17  Supply Depot  
  22  2:21  Refinery  
  22  2:24  SCV  
  23  2:39  SCV  
  24  2:47  Starport  
  24  2:51  SCV  
  24  2:52  Hellion x2  
  24  2:57  Orbital Command  
  29  3:04  SCV  
  30  3:05  Barracks Tech Lab  
  29  3:14  Hellion  
  29  3:17  Hellion  
  29  3:19  SCV  
  32  3:30  SCV  
  32  3:31  SCV  
  34  3:42  SCV  
  34  3:43  SCV  
  34  3:45  Marine x2  
  38  3:51  Raven, Factory Tech Lab  
  38  3:52  Supply Depot  
  38  3:54  SCV  
  41  3:56  SCV  
  42  4:03  Marine x2  
  42  4:06  SCV  
  42  4:08  SCV  
  44  4:18  SCV  
  44  4:20  SCV, Marine  
  44  4:21  Siege Tank, Marine  
  44  4:23  Supply Depot  
  49  4:30  SCV  
  50  4:32  SCV  
  50  4:36  Command Center  
  51  4:42  SCV  
  51  4:44  SCV  
  53  4:46  Stimpack  
  53  4:49  Barracks  
  53  4:50  Barracks  
  53  4:55  SCV  
  53  4:56  SCV  
  53  4:57  Starport Reactor  
  55  5:00  Siege Tank  
  55  5:04  Supply Depot  
  58  5:08  SCV x2  
  60  5:18  Refinery  
  60  5:20  SCV x2, Refinery  
  62  5:26  Marine  
  63  5:28  Engineering Bay  
  63  5:30  Engineering Bay  
  63  5:32  Siege Tank  
  63  5:33  SCV  
  67  5:36  SCV  
  68  5:45  SCV, Starport Reactor  
  68  5:48  Orbital Command, SCV  
  70  5:50  Marine  
  70  5:51  Marine x4  
  70  5:56  Terran Infantry Weapons Level 1, Terran Infantry Armor Level 1  
  75  6:05  Siege Tank  
  75  6:07  Orbital Command  
  78  6:11  Barracks x2  
  78  6:15  SCV x2  
  80  6:19  Marine x2  
  80  6:20  Marine x3  
  85  6:30  Supply Depot  
  85  6:36  SCV x3, Medivac x2  
  85  6:37  Supply Depot  
  85  6:38  Supply Depot  
  92  6:44  Marine  
  93  6:52  SCV x3, Marine x3  
  98  6:56  Combat Shield, Marine  
  98  7:00  Siege Tank  
  100  7:02  Marine  
  100  7:04  SCV x3  
  100  7:05  Marine x2  
  105  7:09  Marine  
  105  7:11  Marine  
  105  7:14  Marine x2  
  108  7:16  SCV x3  
  108  7:20  Marine  
  112  7:27  Marine  
  112  7:28  SCV x3  
  112  7:29  Marine  
  117  7:31  Marine, Refinery  
  117  7:33  Barracks Reactor x2  
  116  7:40  SCV x2, Siege Tank, Medivac x2, Refinery  
  116  7:42  Refinery  
  125  7:55  Supply Depot  
  125  7:57  Supply Depot, Marine x5  
  125  7:58  SCV x2, Supply Depot  
Show
View Real Time Build Order
Export as new Build Order

CastorGoulu Terran 

Build Orders:  

Get SALT Encoding   

  12  0:00  SCV  
  13  0:13  SCV  
  14  0:17  Supply Depot  
  14  0:25  SCV  
  14  0:27  Refinery  
  15  0:38  SCV  
  16  0:45  Barracks  
  16  0:50  SCV  
  16  0:55  Refinery  
  17  1:03  SCV  
  18  1:15  SCV  
  19  1:31  Orbital Command  
  19  1:32  Reaper  
  20  1:38  Factory  
  20  1:50  Supply Depot  
  20  1:59  SCV  
  21  2:04  Reaper  
  22  2:11  SCV  
  23  2:22  Hellion  
  25  2:23  SCV  
  26  2:37  Reaper  
  26  2:41  Command Center  
  26  2:43  Hellion  
  28  2:52  SCV  
  28  2:53  Supply Depot  
  29  3:03  Starport  
  29  3:13  Factory Tech Lab, Barracks Reactor  
  28  3:26  SCV  
  26  3:37  Cyclone  
  26  3:38  SCV  
  26  3:40  Starport Tech Lab  
  30  3:49  Marine x2  
  30  3:50  SCV  
  30  3:53  Orbital Command  
  33  3:55  Refinery  
  33  4:02  SCV  
  33  4:04  Raven  
  33  4:07  Marine x2  
  33  4:14  SCV  
  33  4:21  SCV  
  34  4:25  Marine x2  
  34  4:26  SCV  
  34  4:28  Siege Tank  
  40  4:33  SCV  
  40  4:36  Supply Depot  
  41  4:38  SCV  
  41  4:43  Marine x2  
  41  4:45  SCV  
  45  4:50  SCV  
  46  4:57  SCV  
  47  5:00  Command Center  
  47  5:01  Starport Reactor  
  47  5:06  Siege Tank  
  50  5:07  SCV  
  50  5:10  SCV  
  50  5:13  Supply Depot  
  52  5:16  Stimpack  
  52  5:17  Marine  
  52  5:20  SCV  
  54  5:23  SCV  
  55  5:32  SCV  
  55  5:35  SCV  
  57  5:36  Barracks  
  57  5:37  Medivac x2, Marine  
  57  5:42  Siege Tank  
  65  5:44  SCV  
  65  5:48  SCV  
  67  5:56  Marine  
  67  5:57  SCV  
  69  5:59  Barracks  
  69  6:00  SCV  
  70  6:07  Engineering Bay  
  70  6:10  Engineering Bay, Supply Depot  
  70  6:12  SCV  
  70  6:13  SCV  
  70  6:14  Marine  
  73  6:23  Marine x2  
  73  6:24  SCV, Refinery  
  73  6:25  SCV, Siege Tank  
  80  6:36  SCV  
  80  6:37  SCV  
  82  6:44  Orbital Command  
  82  6:48  SCV  
  82  6:49  SCV  
  82  6:51  Barracks Reactor, Marine x2  
  86  6:56  Combat Shield, Marine  
  86  6:57  Siege Tank  
  90  7:02  SCV x2  
  91  7:09  Marine x2  
  93  7:25  SCV x2  
  93  7:27  Marine x4  
  93  7:28  SCV, Marine  
  92  7:32  Barracks  
  92  7:33  Barracks  
  92  7:37  SCV  
  92  7:42  Supply Depot  
  92  7:43  SCV, Medivac x2, Supply Depot, Siege Tank  
  101  7:49  Supply Depot  
  101  7:55  Armory  
  101  8:03  SCV x3  
Tags
 
Add a new tag
Caveats
  • Supply blocks, unpowered buildings, or Contaminate may cause inaccurate times.
  • Supply counts are checked every 10 seconds.